 Dungeon Crawl Stone Soup version 0.17-a0-2108-g65e8068 (webtiles) character file.

198 Adamkad1 the Ruffian (level 5, -1/53 HPs)
             Began as a Troll Monk on Oct 19, 2015.
             Succumbed to Sigmund's poison
             ... on level 2 of the Dungeon.
             The game lasted 00:06:04 (1289 turns).

Adamkad1 the Ruffian (Troll Monk)                   Turns: 1289, Time: 00:06:04

Health: -1/53      AC:  0    Str: 20    XL:     5   Next: 47%
Magic:  4/4        EV: 19    Int:  6    God:
Gold:   54         SH:  0    Dex: 12    Spells: 0 memorised, 4 levels left

rFire  . . .     SeeInvis .       - Unarmed
rCold  . . .     Clarity  .     (armour currently unavailable)
rNeg   . . .     SustAt   .     (shield currently unavailable)
rPois  .         Gourm    +     (helmet currently unavailable)
rElec  .         Spirit   .     (cloak currently unavailable)
rCorr  .         Warding  .     (gloves unavailable)
rMut   .         Stasis   .     (boots unavailable)
MR     .....                    (amulet currently unavailable)
Stlth  +.........               (ring currently unavailable)
                                (ring currently unavailable)

@: lethally poisoned (-1 -> -8), porcupine-form, quick, not resistant to hostile
enchantments, very unstealthy
A: unfitting armour, (claws 0), fast metabolism 3, gourmand, regeneration 2,
(shaggy fur 0), (tough skin 0)
a: no special abilities


You were on level 2 of the Dungeon.
You were full.
You were a spiny porcupine.
You visited 1 branch of the dungeon, and saw 2 of its levels.

You collected 54 gold pieces.

Inventory:

Missiles
 g - 4 large rocks (quivered)
 l - 15 stones
Armour
 a - a +0 robe (melded)
Scrolls
 c - a scroll of random uselessness {unknown}
 e - 3 scrolls of identify {unknown}
 h - 2 scrolls of immolation {unknown}
 k - a scroll of recharging {unknown}
Potions
 j - a potion of mutation {unknown}
 m - a potion of heal wounds
Comestibles
 b - 3 bread rations
 d - 4 beef jerkies
 f - a meat ration
 i - a slice of pizza


   Skills:
 + Level 3.1 Fighting
 - Level 2.5 Dodging
 - Level 1.1 Stealth
 * Level 6.3 Unarmed Combat


You had 4 spell levels left.
You didn't know any spells.

Dungeon Overview and Level Annotations

Branches:
Dungeon (2/15)

Altars:
Beogh


Innate Abilities, Weirdness & Mutations

You are too large for most types of armour.
((You have claws for hands.))
Your metabolism is lightning-fast.
You like to eat raw meat.
You heal very quickly.
((You are covered in fur (AC +1).))
((You have very tough skin (AC +2).))


Message History

Sigmund says, "I'm your fate."
Sigmund zaps a wand.
You resist with significant effort.
You closely miss Sigmund.
Sigmund is heavily wounded.
* * * LOW HITPOINT WARNING * * *
You feel sick. Sigmund hits you but does no damage.
Unknown command.
You claw Sigmund!
Sigmund is almost dead.
* * * LOW HITPOINT WARNING * * *
You feel sick.
Sigmund zaps a wand.
You turn into a spiny porcupine.
Your +0 robe melds into your body.
Unknown command.
You hit Sigmund.
You kill Sigmund!
Your Fighting skill increases to level 3!
Your Unarmed Combat skill gained 2 levels and is now at level 6!
You have reached level 4!
You have reached level 5!
You die...

........##
..........##
#..........#
#..........#
#........).## .
#...........###....
#...<.....<........
#........####.....
#......)...# #..
#..........#
#..........#
#..%.......#
...........#
#.........##
..#######.#


There were no monsters in sight!

Vanquished Creatures
  Sigmund (D:2)
  An ooze (D:1)
  A giant gecko (D:1)
  5 goblins
  2 hobgoblins (D:1)
  4 jackals (D:1)
  2 ball pythons (D:1)
  6 bats (D:1)
  A giant cockroach (D:1)
  8 kobolds (D:1)
  6 rats
37 creatures vanquished.

Notes
Turn   | Place    | Note
--------------------------------------------------------------
     0 | D:1      | Adamkad1 the Troll Monk began the quest for the Orb.
     0 | D:1      | Reached XP level 1. HP: 22/22 MP: 0/0
    90 | D:1      | Found a roughly hewn altar of Beogh.
    90 | D:1      | Noticed an orc wizard
    90 | D:1      | Noticed an orc wizard
    90 | D:1      | Noticed an orc warrior
    90 | D:1      | Noticed an orc wizard
   126 | D:1      | Reached XP level 2. HP: 29/29 MP: 1/1
   772 | D:1      | Reached XP level 3. HP: 36/36 MP: 2/2
  1272 | D:2      | Noticed Sigmund
  1287 | D:2      | HP: 1/36 [poisoned by Sigmund]
  1289 | D:2      | Killed Sigmund
  1289 | D:2      | Reached skill level 6 in Unarmed Combat
  1289 | D:2      | Reached XP level 4. HP: 1/45 MP: 3/3
  1289 | D:2      | Reached XP level 5. HP: 1/53 MP: 4/4
  1289 | D:2      | Succumbed to Sigmund's poison

Vault maps used:
D:1:      erik_arrival_cave_to_civilisation, minmay_door_square,
          serial_bayou_crossing
D:2:      lemuel_doored_altar, uniq_natasha, uniq_sigmund

Action                   |  1- 3 |  4- 6 || total
-------------------------+-------+-------++-------
Melee: Unarmed           |    91 |       ||    91
  Use: Potion            |     3 |       ||     3
 Stab: Sleeping          |     2 |       ||     2
  Eat: Chunk             |    13 |       ||    13
